 Dungeon Sprint DCSS version 0.27.1 (webtiles) character file.

Game seed: 6201771467927279376

254 styxcanada the Covert (level 5, -12/29 HPs)
             Began as a Spriggan Brigand on Aug 27, 2021.
             Was an Initiate of Gozag.
             Mangled by a spriggan (14 damage)
             ... in the Dungeon (Sprint IV: "Fedhas' Mad Dash").
             The game lasted 00:02:09 (305 turns).

styxcanada the Covert (Spriggan Brigand)             Turns: 305, Time: 00:02:09

Health: -12/29     AC:  3    Str:  7    XL:     5   Next: 91%
Magic:  6/6        EV: 20    Int: 12    God:    Gozag
Gold:   194        SH:  0    Dex: 18    Spells: 4/4 levels left

rFire    . . .     SeeInvis +   a - +2 dagger
rCold    . . .     Faith    .   (shield restricted)
rNeg     . . .     Spirit   .   b - +0 robe
rPois    .         Reflect  .   (helmet restricted)
rElec    .         Harm     .   c - +0 cloak
rCorr    .         Rampage  .   (gloves unavailable)
Will     .....     NoTele   +   (boots unavailable)
Stlth    ++++++....             l - amulet of invisibility {+Inv}
HPRegen  0.09/turn              (no ring)
MPRegen  0.10/turn              (no ring)

@: very slightly contaminated, very quick
A: very small, no large weapons, unfitting armour, see invisible, speed 3
a: Renounce Religion, Evoke Invisibility, Potion Petition, Call Merchant, Bribe
Branch


You were in the Dungeon.
You worshipped Gozag.
Gozag was aware of your devotion.
You visited 1 branch You collected 194 gold pieces.

Inventory:

Hand Weapons
 a - a +2 dagger (weapon)
Armour
 b - a +0 robe (worn)
 c - a +0 cloak (worn)
Jewellery
 l - the amulet of invisibility (around neck) {+Inv}
   (You found it in the Dungeon)

   [amulet of nothing]

   +Inv:      It lets you turn invisible.
Scrolls
 k - a scroll of blinking
Potions
 f - a potion of curing
 g - a potion of heal wounds
 h - a potion of haste
 i - 2 potions of magic
 j - a potion of berserk rage


   Skills:
 * Level 3.7 Fighting
 + Level 3.6 Short Blades
 + Level 4.0 Throwing
 * Level 5.6 Dodging
 * Level 14.6 Stealth
 * Level 3.2 Evocations


You had 4 spell levels left.
You didn't know any spells.
Your spell library was empty.

Dungeon Overview and Level Annotations

Branches:
Dungeon (1/1)

Altars:
Cheibriados
Dithmenos
Elyvilon
Gozag
Hepliaklqana
Kikubaaqudgha
Makhleb
Nemelex Xobeh
Okawaru
Qazlal
Ru
Sif Muna
Trog
Uskayaw
Vehumet
Wu Jian
Xom
Yredelemnul
Zin
The Shining One
Beogh
Jiyva
Lugonu


Innate Abilities, Weirdness & Mutations

You are very small and have problems with some larger weapons.
You are too small for most types of armour.
You have supernaturally acute eyesight. (SInv)
You cover ground extremely quickly. (Speed+++)


Message History

Throw: 6 darts (poison)
Press: ? - help, Q - select action, (/) - cycle Shift-Dir - straight line, f/p - spriggan
Aim: a spriggan, wielding a +0 dagger and wearing a +0 robe (38% to hit)
You throw a poisoned dart. The poisoned dart misses the spriggan.
The spriggan barely misses you.
There is an opulent altar of Gozag here.
Throw: 5 darts (poison)
Press: ? - help, Q - select action, (/) - cycle Shift-Dir - straight line, f/p - spriggan
Aim: a spriggan, wielding a +0 dagger and wearing a +0 robe (38% to hit)
You throw a poisoned dart. The poisoned dart hits the spriggan.
The spriggan completely misses you.
There is an open door here.
Throw: 4 darts (poison)
Press: ? - help, Q - select action, (/) - cycle Shift-Dir - straight line, f/p - spriggan
Aim: a spriggan, wielding a +0 dagger and wearing a +0 robe (38% to hit)
You throw a poisoned dart.
The poisoned dart barely misses the spriggan.
Throw: 3 darts (poison)
Press: ? - help, Q - select action, (/) - cycle Shift-Dir - straight line, f/p - spriggan
Aim: a spriggan, wielding a +0 dagger and wearing a +0 robe (38% to hit)
You throw a poisoned dart. The poisoned dart misses the spriggan.
The spriggan hits you with a +0 dagger.
Unknown command.
There is an open door here.
Throw: 2 darts (poison)
Press: ? - help, Q - select action, (/) - cycle Shift-Dir - straight line, f/p - spriggan
Aim: a spriggan, wielding a +0 dagger and wearing a +0 robe (38% to hit)
You throw a poisoned dart. The poisoned dart hits the spriggan.
The spriggan is poisoned.
The spriggan hits you with a +0 dagger!
* * * LOW HITPOINT WARNING * * *
There is an open door here.
Throw: dart (poison)
Press: ? - help, Q - select action, (/) - cycle Shift-Dir - straight line, f/p - spriggan
Aim: a spriggan, wielding a +0 dagger and wearing a +0 robe (lightly wounded, poisoned, 38% to hit)
You throw a poisoned dart.
The poisoned dart closely misses the spriggan.
The spriggan hits you with a +0 dagger!
You die...
Your body crumbles into a pile of gold.

######################
#<...#....÷#.....#.⌠._
#PP..@i..(.'(#...'.._(
#PPPP#.....#.#...#..._
###############+##.._.
#._._ $ $#####


$$$$ You could see a spriggan (poisoned).

Vanquished Creatures
  2 scorpions (D)
  3 oklob saplings (D)
  A spriggan (D)
  A river rat (D)
  A rat (D)
8 creatures vanquished.

Vanquished Creatures (others)
  A fungus (D)
1 creature vanquished.

Grand Total: 9 creatures vanquished

Notes
Turn   | Place    | Note
-------+----------+-------------------------------------------
     0 | D        | styxcanada the Spriggan Brigand began the quest for the
                  | Orb.
     0 | D        | Reached XP level 1. HP: 10/10 MP: 2/2
    18 | D        | Reached skill level 7 in Stealth
    18 | D        | Reached XP level 2. HP: 8/15 MP: 3/3
   167 | D        | Noticed an oklob sapling
   169 | D        | Killed an oklob sapling
   170 | D        | Reached skill level 9 in Stealth
   170 | D        | Reached XP level 3. HP: 18/18 MP: 4/4
   171 | D        | Noticed a scorpion
   171 | D        | Found the amulet of invisibility {+Inv}
   173 | D        | Killed a scorpion
   174 | D        | Reached skill level 11 in Stealth
   174 | D        | Reached XP level 4. HP: 23/23 MP: 5/5
   196 | D        | Found an opulent altar of Gozag.
   196 | D        | Found a hazy altar of Hepliaklqana.
   196 | D        | Found a burning altar of Makhleb.
   196 | D        | Found a sparkling altar of Nemelex Xobeh.
   196 | D        | Found a snail-covered altar of Cheibriados.
   196 | D        | Found a sacrificial altar of Ru.
   196 | D        | Found a shimmering blue altar of Sif Muna.
   196 | D        | Found a shimmering altar of Xom.
   196 | D        | Found a basalt altar of Yredelemnul.
   197 | D        | Found a viscous altar of Jiyva.
   197 | D        | Found a bloodstained altar of Trog.
   197 | D        | Found an ornate altar of the Wu Jian Council.
   198 | D        | Found an iron altar of Okawaru.
   198 | D        | Found a shadowy altar of Dithmenos.
   198 | D        | Found a glowing silver altar of Zin.
   199 | D        | Found an ancient bone altar of Kikubaaqudgha.
   199 | D        | Found a hide-covered altar of Uskayaw.
   200 | D        | Found a stormy altar of Qazlal.
   200 | D        | Found a white marble altar of Elyvilon.
   200 | D        | Found a glowing golden altar of the Shining One.
   201 | D        | Became a worshipper of Gozag Ym Sagoz the Greedy
   202 | D        | Found a corrupted altar of Lugonu.
   202 | D        | Found a radiant altar of Vehumet.
   206 | D        | Reached skill level 12 in Stealth
   206 | D        | Reached skill level 1 in Evocations
   206 | D        | Reached XP level 5. HP: 28/28 MP: 3/6
   257 | D        | Reached skill level 5 in Dodging
   257 | D        | Reached skill level 13 in Stealth
   266 | D        | Reached skill level 14 in Stealth
   305 | D        | Mangled by a spriggan

Illustrated notes

Levels and vault maps discovered:
D:        dungeon_sprint_fedhas [sprint_temple]

Skill      XL: |  1  2  3  4  5 |
---------------+----------------+-----
Dodging        | 2 3 4 5 |  5.6
Stealth        | 7 9 11 12 14 | 14.6
Fighting       | 2 3 |  3.7
Short Blades   | 3 |  3.6
Throwing       | 3 4 |  4.0
Evocations     | 1 3 |  3.2

Action                   |  1- 3 |  4- 6 || total
-------------------------+-------+-------++-------
Melee: Dagger            |     4 |     6 ||    10
Throw: Dart              |    10 |    10 ||    20
 Abil: Evoke Invisibilit |       |     2 ||     2
 Stab: Sleeping          |     2 |     3 ||     5
       Invisible         |       |     1 ||     1
Armor: Robe              |     1 |       ||     1
Dodge: Dodged            |     2 |     5 ||     7
